 Dungeon Crawl Stone Soup version 0.27-a0-795-ge5c3fa52fd (webtiles) character file.

Game seed: 17073607890894822026

167 Essalna the Magician (level 5, -4/40 HPs)
             Began as a Djinni Venom Mage on Mar 27, 2021.
             Slain by an iguana (14 damage)
             ... on level 5 of the Dungeon.
             The game lasted 00:06:52 (4504 turns).

Essalna the Magician (Djinni Venom Mage)            Turns: 4504, Time: 00:06:53

Health: -4/40      AC:  3    Str:  7    XL:     5   Next: 48%
Gold:   181        EV: 12    Int: 17    God:
                   SH:  0    Dex: 14

rFire    + + .     SeeInvis .   b - +0 dagger
rCold    x . .     Faith    .   (no shield)
rNeg     . . .     Spirit   .   a - +0 robe
rPois    ∞         Reflect  .   (no helmet)
rElec    .         Harm     .   k - +0 cloak
rCorr    .         Rampage  .   (no gloves)
Will     .....                  (boots unavailable)
Stlth    ++........             e - amulet of the acrobat
HPRegen  0.13/turn              (no ring)
MPRegen  0.00/turn              (no ring)

@: flying
A: fire resistance 2, cold vulnerability 1, float, innate caster, hp casting,
extra vitality 1
a: no special abilities


You were on level 5 of the Dungeon.
You visited 1 branch of the dungeon, and saw 5 of its levels.

You collected 181 gold pieces.

Inventory:

Hand Weapons
 b - a +0 dagger (weapon)
Armour
 a - a +0 robe (worn)
 k - a +0 cloak (worn)
Jewellery
 e - an amulet of the acrobat (around neck)
 j - a ring of ice
 m - a ring of fire
Scrolls
 c - 6 scrolls of identify {unknown}
 f - a scroll of blinking {unknown}
 g - a scroll of summoning {unknown}
 h - a scroll of immolation {unknown}
 i - a scroll of teleportation {unknown}
 p - a scroll of noise {unknown}
Potions
 d - 3 potions of might {unknown}
 l - a potion of lignification {unknown}
 n - a potion of cancellation {unknown}
 o - a potion of heal wounds {unknown}


   Skills:
 + Level 2.8 Fighting
 - Level 1.0 Armour
 + Level 2.4 Dodging
 - Level 2.0 Stealth
 + Level 3.9 Spellcasting


You couldn't memorise any spells.
You knew the following spells:

 Your Spells              Type           Power      Damage    Failure   Level
a - Sting                 Tmut/Pois      64%        1d6       3%          1
b - Poisonous Vapours     Pois/Air       32%        N/A       4%          2
c - Mephitic Cloud        Conj/Pois/Air  16%        N/A       10%         3
d - Ignite Poison         Fire/Tmut/Pois 16%        N/A       10%         3
e - Olgreb's Toxic Radia  Pois           16%        N/A       30%         4
f - Magic Dart            Conj           64%        1d6       3%          1
g - Call Imp              Summ           16%        N/A       4%          2
Your spell library was empty.

Dungeon Overview and Level Annotations

Branches:
Dungeon (5/15)
 Temple: D:4-7

Altars:


Innate Abilities, Weirdness & Mutations

You are immune to poison.
Your flesh is very heat resistant. (rF++)
You are vulnerable to cold. (rC-)
You float through the air rather than walking.
You learn spells naturally, not from books.
Your magical power is your life essence.
You have superior vitality. (+4 HP)


Message History

The hound skeleton barely misses you.
You barely miss the hound skeleton.
The hound skeleton is almost destroyed.
The hound skeleton barely misses you. The hound skeleton bites you.
* * * LOW HITPOINT WARNING * * *
You hit the hound skeleton.
You destroy the hound skeleton!
Things that are here:
a +0 club; a goblin corpse An iguana comes into view.
The iguana hisses angrily.
Things that are here:
a +0 club; a goblin corpse
Casting: Sting (safe; 3% risk of failure)
Confirm with . or Enter, or press ? or * to list all spells.
Aiming: Sting (safe; 3% risk of failure)
Press: ? - help, Shift-Dir - straight line, f - iguana
Aim: an iguana (23% to evade)
The sting misses the iguana.
* * * LOW HITPOINT WARNING * * *
The iguana barely misses you.
Casting: Sting (safe; 3% risk of failure)
Confirm with . or Enter, or press ? or * to list all spells.
Aiming: Sting (safe; 3% risk of failure)
Press: ? - help, Shift-Dir - straight line, f/p - iguana
Aim: an iguana (23% to evade)
The sting hits the iguana but does no damage.
The iguana is poisoned.
* * * LOW HITPOINT WARNING * * *
The iguana closely misses you.
Casting: Sting (safe; 3% risk of failure)
Confirm with . or Enter, or press ? or * to list all spells.
Aiming: Sting (safe; 3% risk of failure)
Press: ? - help, Shift-Dir - straight line, f/p - iguana
Aim: an iguana (poisoned, 23% to evade)
The sting hits the iguana but does no damage.
The iguana looks even sicker.
* * * LOW HITPOINT WARNING * * *
The iguana bites you!
You die...

# #####.#
♣.###.[...#
♣......#
♣.####l#
#.<@# #.###
#. .. ##.
#. #. #.


You could see an iguana (very poisoned).

Vanquished Creatures
  Crazy Yiuf (D:2)
  2 hound skeletons
  Robin (D:4)
  2 adders
  2 worms
  4 orcs (D:3)
  3 bats
  3 endoplasms
  3 giant cockroaches
  15 goblins
  10 hobgoblins
  8 jackals
  A ball python (D:2)
  6 frilled lizards
  6 kobolds
  4 rats
71 creatures vanquished.

Notes
Turn   | Place    | Note
-------+----------+-------------------------------------------
     0 | D:1      | Essalna the Djinni Venom Mage began the quest for the Orb.
     0 | D:1      | Reached XP level 1. HP: 15/15 MP: 0/0
   367 | D:1      | Reached XP level 2. HP: 20/21 MP: 0/0
   542 | D:1      | Reached skill level 3 in Spellcasting
  1340 | D:2      | Reached skill level 1 in Fighting
  1372 | D:2      | Reached XP level 3. HP: 26/27 MP: 0/0
  1372 | D:2      | Learned a level 1 spell: Magic Dart
  1989 | D:2      | Found a runed translucent door.
  1990 | D:2      | Noticed Crazy Yiuf
  2001 | D:2      | Killed Crazy Yiuf
  2002 | D:2      | Reached XP level 4. HP: 9/33 MP: 0/0
  3498 | D:3      | Reached XP level 5. HP: 30/39 MP: 0/0
  3498 | D:3      | Learned a level 2 spell: Call Imp
  4053 | D:4      | Identified the Incunabulum of Supportive Enchantment
  4073 | D:4      | Reached skill level 1 in Armour
  4302 | D:4      | Noticed Robin
  4310 | D:4      | Killed Robin
  4374 | D:5      | Entered Level 5 of the Dungeon
  4504 | D:5      | Slain by an iguana

Illustrated notes

Levels and vault maps discovered:
D:1:      minmay_arrival_stone_box, layout_basic,
          hangedman_decor_clover_reticule
D:2:      cheibrodos_greedy_goblins, layout_rooms, wad_floor_pattern_2,
          uniq_crazy_yiuf_cottage
D:3:      layout_basic
D:4:      layout_basic, uniq_robin
D:5:      layout_basic, minmay_temple_entry_antechambers, nrook_campfire

Skill      XL: |  1  2  3  4  5 |
---------------+----------------+-----
Stealth        | 2 |  2.0
Spellcasting   | 3 |  3.9
Fighting       | 1 2 |  2.8
Armour         | 1 |  1.0
Dodging        | |  2.4

Action                   |  1- 3 |  4- 6 || total
-------------------------+-------+-------++-------
Melee: Dagger            |     9 |    17 ||    26
 Cast: Sting             |    45 |    50 ||    95
       Poisonous Vapours |    16 |    38 ||    54
Armor: Robe              |     9 |    10 ||    19
Dodge: Dodged            |    21 |    39 ||    60

Table legend: (Time is in decaauts)
 A = Elapsed time spent in this place.
 B = Non-inter-level travel time spent in this place.
 C = Inter-level travel time spent in this place.
 D = Time resting spent in this place.
 E = Time spent auto-exploring this place.
 F = Levels seen in this place.
 G = Mean time per level.
                   A        B        C        D        E       F      G
               +--------+--------+--------+--------+--------+-----+--------+
         Total |   4503 |   4412 |     91 |     76 |   3868 |   5 |  900.6 |
       Dungeon |   4503 |   4412 |     91 |     76 |   3868 |   5 |  900.6 |
               +--------+--------+--------+--------+--------+-----+--------+

Top non-repeatable levels by time:
     D:1: 1454 daAuts
     D:2: 1337 daAuts
     D:3: 1164 daAuts
     D:4: 417 daAuts
     D:5: 129 daAuts
